AoeStats
← Tomato

Arena

508314671Analyzed
4v4 RM · 10d ago on Sep 21, 2026· 50m 55s· 8 players
Game mode
Random Map
Map size
Large (8 player)
Population
200
Speed
Normal
Resources
Standard
Victory
Conquest
Starting age
Dark Age
Ending age
Imperial Age
RankedLock teamsTeams togetherTeam positionsShared explorationLock speedFull tech treeHidden civsTurbo modeCheats
Victory
Defeat
🇦🇷 Teutons · Argentina
1518
+15
🇭🇺 Wei · Hungary
1410
+19
🇳🇱 Mongols · Netherlands
1372
+21
🇺🇸 Burgundians · United States
1356
+21
🇭🇰 Khmer · Hong Kong SAR China
1538
-21
🇹🇼 Koreans · Taiwan
1486
-19
🇲🇽 Teutons · Mexico
1478
-19
🇲🇽 Berbers · Mexico
1440
-17
真是太離譜了
7:39 Loom
10:33 Feudal Age
11:00 Double-Bit Axe
18:31 Fletching
26:44 Castle Age
33:15 Horse Collar
40:07 Wheelbarrow
39:43 Bow Saw
39:33 Heavy Plow
39:28 Gold Mining
40:20 Bodkin Arrow
42:08 Hand Cart
41:38 Town Watch
43:37 Crossbowman
47:14 Imperial Age
45:31 Thumb Ring
45:47 Ballistics
48:00 Bracer
47:24 Arbalester
49:32 Chemistry
48:38 Elite Skirmisher
49:27 Capped Ram
MAXIMO MERIDIO
6:14 Loom
8:25 Feudal Age
23:39 Castle Age
21:46 Double-Bit Axe
21:43 Horse Collar
29:42 Imperial Age
mbxmm
10:55 Feudal Age
14:07 Castle Age
12:38 Double-Bit Axe
13:20 Horse Collar
15:55 Bow Saw
23:23 Gold Mining
23:24 Stone Mining
24:46 Loom
27:41 Imperial Age
26:42 Wheelbarrow
26:26 Heavy Plow
26:50 Scale Barding Armor
27:35 Forging
28:03 Chain Barding Armor
28:37 Hand Cart
28:45 Conscription
28:48 Bloodlines
29:33 Iron Casting
29:53 Crop Rotation
30:00 Plate Barding Armor
29:27 Tusk Swords
29:07 Capped Ram
30:45 Gold Shaft Mining
30:47 Stone Shaft Mining
30:39 Husbandry
32:00 Blast Furnace
31:28 Elite Battle Elephant
32:13 Siege Ram
33:43 Coinage
36:32 Banking
38:13 Ballistics
38:54 Chemistry
37:36 Heavy Scorpion
38:18 Double Crossbow
38:38 Light Cavalry
45:57 Siege Engineers
45:42 Hussar
48:36 Fletching
kazumakine
10:34 Feudal Age
11:45 Loom
15:40 Castle Age
13:51 Double-Bit Axe
13:57 Horse Collar
16:25 Town Watch
17:08 Bow Saw
17:43 Heavy Plow
18:42 Wheelbarrow
22:39 Stone Mining
23:24 Gold Mining
29:11 Imperial Age
26:47 Fletching
27:03 Scale Barding Armor
27:53 Ballistics
27:36 Kasbah
28:45 Bodkin Arrow
29:35 Chain Barding Armor
30:17 Bracer
31:10 Plate Barding Armor
30:52 Husbandry
32:37 Chemistry
31:02 Light Cavalry
32:06 Murder Holes
33:37 Bloodlines
32:48 Heavy Camel Rider
34:33 Forging
36:33 Iron Casting
42:52 Blast Furnace
42:12 Fortified Wall
44:08 Elite Genitour
46:20 Hand Cart
johnnyboy
1:52 Loom
5:43 Double-Bit Axe
8:46 Loom
10:34 Feudal Age
15:58 Castle Age
25:56 Town Watch
27:35 Horse Collar
29:25 Wheelbarrow
30:38 Fletching
31:28 Bodkin Arrow
33:49 Masonry
37:05 Pikeman
37:53 Scale Mail Armor
41:29 Imperial Age
41:23 Pikeman
42:04 Squires
42:43 Chain Mail Armor
42:09 Halberdier
43:02 Forging
44:20 Chemistry
43:58 Plate Mail Armor
45:45 Iron Casting
45:56 Arson
47:38 Blast Furnace
48:25 Gold Mining
48:48 Bow Saw
48:57 Hand Cart
50:47 Two-Man Saw
50:27 Conscription
50:14 Burgundian Vineyards
DraveczB
10:54 Feudal Age
15:06 Castle Age
13:20 Double-Bit Axe
13:28 Horse Collar
14:39 Loom
18:08 Wheelbarrow
18:38 Heavy Plow
20:48 Bow Saw
22:56 Gold Mining
22:58 Stone Mining
24:34 Hand Cart
25:30 Gold Shaft Mining
25:41 Stone Shaft Mining
27:12 Town Watch
27:34 Scale Barding Armor
27:39 Forging
30:22 Imperial Age
28:07 Tuntian
28:22 Bloodlines
28:18 Husbandry
28:29 Town Patrol
29:23 Chain Barding Armor
29:40 Iron Casting
30:42 Elite Tiger Cavalry
31:42 Conscription
31:52 Ming Guang Armor
32:28 Blast Furnace
32:10 Ballistics
32:50 Chemistry
32:57 Treadmill Crane
Tomato
11:02 Feudal Age
11:55 Double-Bit Axe
11:52 Horse Collar
13:42 Loom
16:32 Castle Age
14:57 Stone Mining
15:00 Gold Mining
18:08 Fletching
18:48 Bodkin Arrow
19:49 Wheelbarrow
23:00 Town Watch
23:31 Hand Cart
25:07 Heavy Plow
26:41 Padded Archer Armor
26:59 Bloodlines
26:50 Husbandry
31:46 Imperial Age
30:37 Leather Archer Armor
31:56 Ballistics
31:49 Thumb Ring
32:49 Conscription
33:13 Bow Saw
34:07 Parthian Tactics
34:26 Elite Mangudai
35:44 Bracer
39:41 Chemistry
39:54 Town Patrol
40:43 Drill
44:19 Gold Shaft Mining
44:19 Stone Shaft Mining
43:14 Onager
45:12 Capped Ram
47:16 Siege Ram
Hao_Arg
6:14 Loom
8:51 Feudal Age
11:10 Fletching
13:04 Double-Bit Axe
23:35 Castle Age
21:40 Horse Collar
23:54 Gold Mining
24:19 Bodkin Arrow
25:29 Bow Saw
26:25 Wheelbarrow
28:01 Heavy Plow
33:59 Imperial Age
31:44 Pikeman
32:24 Squires
32:35 Scale Mail Armor
32:45 Forging
34:00 Chain Mail Armor
34:46 Iron Casting
34:26 Halberdier
35:29 Conscription
36:10 Plate Mail Armor
38:25 Blast Furnace
51:09 Hand Cart
51:56 Two-Man Saw
51:28 Crop Rotation
Connection lost

Rejoining the realm…

Still unreachable

The connection could not be restored.

Session expired

The server has moved on; the page needs a fresh start.